 Dungeon Crawl Stone Soup version 0.30-b1-2-g02819fbbbe (webtiles) character file.

Game seed: 5732227140633692468

110 Flugkiller the Trooper (level 4, -2/41 HPs)
             Began as a Minotaur Fighter on May 8, 2023.
             Slain by Crazy Yiuf
             ... wielding a +4 quarterstaff of chaos
              (7 damage)
             ... on level 2 of the Dungeon.
             The game lasted 00:00:39 (1591 turns).

Flugkiller the Trooper (Minotaur Fighter)           Turns: 1591, Time: 00:00:39

Health: -2/41      AC:  7    Str: 23    XL:     4   Next: 61%
Magic:  3/3        EV:  9    Int:  5    God:
Gold:   93         SH:  4    Dex:  9    Spells: 3/3 levels left

rFire   . . .        a - +0 war axe
rCold   . . .        c - +0 buckler
rNeg    . . .        b - +0 scale mail
rPois   .            (helmet restricted)
rElec   .            (no cloak)
rCorr   .            (no gloves)
SInv    .            (no boots)
Will    .....        l - amulet of faith Stlth
                     (no ring)
HPRegen 0.26/turn    (no ring)
MPRegen 0.08/turn

%: faith
@: lethally poisoned (-2 -> -10)
A: horns 2, retaliatory headbutt
a: no special abilities


You were on level 2 of the Dungeon.
You visited 1 branch of the dungeon, and saw 2 of its levels.

You collected 143 gold pieces.
You spent 50 gold pieces at shops.

Inventory:

Hand Weapons
 a - a +0 war axe (weapon)
Armour
 b - a +0 scale mail (worn)
 c - a +0 buckler (worn)
Jewellery
 l - an amulet of faith (around neck)
   (You found it on level 2 of the Dungeon)
Scrolls
 e - a scroll of fog {unknown}
 h - a scroll of enchant weapon {unknown}
 i - a scroll of immolation {unknown}
 j - 4 scrolls of identify {unknown}
Potions
 d - a potion of might
 f - a potion of lignification {unknown}
 g - a potion of degeneration {unknown}
 k - a potion of mutation {unknown}
 w - a potion of heal wounds


   Skills:
 + Level 4.4 Fighting
 * Level 4.1 Axes
 + Level 4.3 Armour
 + Level 4.3 Shields


You had 3 spell levels left.
You didn't know any spells.
Your spell library was empty.

Dungeon Overview and Level Annotations

Branches:
Dungeon (2/15)

Altars:

Shops:
D:2 !

Annotations:
D:2 Crazy Yiuf


Innate Abilities, Weirdness & Mutations

You have a pair of horns on your head.
You reflexively headbutt those who attack you in melee.


Message History

Found a hammer.
Found a runed translucent door.
No target in view!
Crazy Yiuf shouts!
Crazy Yiuf screams, "Scoff turtle forty-two!"
You see here a +0 cloak.
You now have 79 gold pieces (gained 19).
Found a buckler.
A rat comes into view.
The rat bites you.
You barely miss the rat. The rat closely misses you. The rat misses you.
You barely miss the rat. The rat bites you but does no damage.
You slash the rat!
You kill the rat!
No target in view!
No target in view!
No target in view!
No target in view!
No target in view!
No target in view!
No target in view!
No target in view!
No target in view!
l - an amulet of faith You start putting on your amulet.
You continue putting on your amulet of faith. x5
You finish putting on your amulet of faith.
You feel a strange surge of divine interest.
l - an amulet of faith (around neck) Unknown command.
You now have 93 gold pieces (gained 14).
You see here a +0 buckler.
You see here 5 stones.
Natasha, Servant of Life and Death comes into view.
Natasha hisses angrily.
Natasha is nearby!
Natasha is nearby!
Natasha is nearby!
You hit Natasha but do no damage. Natasha claws you.
Natasha mumbles some strange words.
You hit Natasha.
Natasha is lightly wounded.
You closely miss the cerulean imp. Natasha closely misses you.
The cerulean imp hits you with a +1 spear.
You slash Natasha!
Natasha is almost dead.
You hit the cerulean imp. You block Natasha's attack.
The cerulean imp completely misses you.
Natasha hisses.
Natasha claws you.
You hit Natasha.
You kill Natasha!
Natasha screams in pain as she dies!
The cerulean imp disappears in a puff of smoke!
Your Axes skill increases to level 4!
No target in view!
No target in view!
No target in view!
No target in view!
No target in view!
No target in view!
No target in view!
No target in view!
No target in view!
No target in view!
Unknown command.
You see here the felid corpse of Natasha.
You see here the felid corpse of Natasha.
You see here a +0 cloak.
Things that are here:
a +0 dagger; a +0 sling; a +0 robe Crazy Yiuf shouts!
Could not explore, unopened runed door.
Could not explore, unopened runed door.
Could not explore, unopened runed door.
No reachable target in view!
No reachable target in view!
No reachable target in view!
You open the door. You hit Crazy Yiuf.
You headbutt Crazy Yiuf, but do no damage.
Crazy Yiuf is lightly wounded.
Crazy Yiuf says, "Rifle!"
Crazy Yiuf hits you with a +4 quarterstaff of chaos!
You closely miss Crazy Yiuf. You headbutt Crazy Yiuf.
Crazy Yiuf is moderately wounded.
Crazy Yiuf screams, "You!
Powder sow verde."
Crazy Yiuf hits you with a +4 quarterstaff of chaos!
You hit Crazy Yiuf.
Crazy Yiuf is moderately wounded.
You block Crazy Yiuf's attack.
Crazy Yiuf hits you with a +4 quarterstaff of chaos!
* * * LOW HITPOINT WARNING * * *
You are lethally poisoned!
You closely miss Crazy Yiuf. Your headbutt misses Crazy Yiuf.
Crazy Yiuf is moderately wounded.
* * * LOW HITPOINT WARNING * * *
You feel very sick.
Crazy Yiuf twirls on the spot.
Crazy Yiuf hits you with a +4 quarterstaff of chaos!
You die...

.# .# .# ##
##### #)..#
#...# ...
##### #g#
########...#
♣@♣♣
...........#
♣♣.♣
###..##..###
♣.♣♣
##.........#
♣♣.♣
.#....#..###
♣♣.♣♣
.........###
♣♣...♣
...........#
♣.P).♣
.......#####
#....#
.#....##
#....####


You could see Crazy Yiuf.

Vanquished Creatures
  Natasha (twice) (D:2)
  2 adders (D:2)
  A worm (D:2)
  4 endoplasms
  A giant cockroach (D:2)
  4 goblins
  3 hobgoblins
  4 kobolds
  2 quokkas
  6 ball pythons
  4 bats
  2 frilled lizards
  5 rats
40 creatures vanquished.

Vanquished Creatures (others)
  A fungus (D:2)
1 creature vanquished.

Grand Total: 41 creatures vanquished

Notes
Turn   | Place    | Note
-------+----------+-------------------------------------------
     0 | D:1      | Flugkiller the Minotaur Fighter began the quest for the
                  | Orb.
     0 | D:1      | Reached XP level 1. HP: 19/19 MP: 0/0
   117 | D:1      | Reached XP level 2. HP: 27/27 MP: 1/1
   767 | D:2      | Reached XP level 3. HP: 32/33 MP: 2/2
   941 | D:2      | Found Onga's Distillery.
   951 | D:2      | Bought a potion of heal wounds for 50 gold pieces
   966 | D:2      | Noticed Natasha
   973 | D:2      | Killed Natasha
   974 | D:2      | Reached XP level 4. HP: 20/40 MP: 3/3
  1131 | D:2      | Found a runed translucent door.
  1132 | D:2      | Noticed Crazy Yiuf
  1421 | D:2      | Noticed Natasha
  1425 | D:2      | Killed Natasha
  1591 | D:2      | Slain by Crazy Yiuf

Illustrated notes

Levels and vault maps discovered:
D:1:      dpeg_arrival_line_fractal, layout_loops_ring
D:2:      layout_loops_cross, serial_shops, shop, uniq_crazy_yiuf_cottage,
          uniq_natasha

Skill      XL: |  1  2  3  4 |
---------------+-------------+-----
Axes           | 3 4 |  4.1
Fighting       | 4 |  4.4
Armour         | 4 |  4.3
Shields        | 4 |  4.3

Action                     |  1- 3 |  4- 6 || total
---------------------------+-------+-------++-------
  Melee: War axe           |    93 |    12 ||   105
         Headbutt          |    14 |     2 ||    16
 Armour: Scale mail        |    48 |     4 ||    52
  Dodge: Dodged            |    34 |     5 ||    39
  Block: Buckler           |    19 |     3 ||    22
